 Dungeon Crawl Stone Soup version 0.22-b1-59-g0aedee7 (webtiles) character file.

22143 Gorglomux the Protected (level 12, -10/126 HPs)
             Began as a Deep Dwarf Fighter on Aug 9, 2018.
             Was a High Priest of Makhleb.
             Killed from afar by a molten gargoyle (30 damage)
             ... with a bolt of magma
             ... on level 3 of the Lair of Beasts.
             The game lasted 00:11:19 (10662 turns).

Gorglomux the Protected (Deep Dwarf Fighter)       Turns: 10662, Time: 00:11:20

Health: -10/126    AC: 21    Str: 24    XL:     12   Next: 60%
Magic:  7/7        EV:  4    Int:  8    God:    Makhleb [*****.]
Gold:   802        SH: 19    Dex: 15    Spells: 11/11 levels left

rFire    . . .     SeeInvis .   a - +1 war axe (freeze)
rCold    . . .     Gourm    .   K - +0 large shield
rNeg     . . .     Faith    +   v - +0 plate armour
rPois    .         Spirit   .   k - +1 helmet
rElec    .         Reflect  .   (no cloak)
rCorr    .         Harm     .   (no gloves)
MR       +....                  r - +2 pair of boots
Stlth    ..........             F - amulet of faith
HPRegen  0.00/turn              A - -2 ring of intelligence (curse)
MPRegen  0.10/turn              U - +3 ring of dexterity

@: non-regenerating
A: damage resistance, heal wounds, fangs 1, sense surroundings 2, robust 1, no
regeneration
a: Heal Wounds, Minor Destruction, Lesser Servant of Makhleb, Major Destruction,
Greater Servant of Makhleb, Renounce Religion


You were on level 3 of the Lair of Beasts.
You worshipped Makhleb.
Makhleb was extremely pleased with you.
You were not hungry.

You visited 3 branches of the dungeon, and saw 15 of its levels.

You collected 802 gold pieces.

Inventory:

Hand Weapons
 a - a +1 war axe of freezing (weapon)
Missiles
 Z - 3 throwing nets (quivered)
Armour
 k - a +1 helmet (worn)
 r - a +2 pair of boots (worn)
 v - a +0 plate armour (worn)
 K - a +0 large shield (worn)
 L - a +0 shield
Jewellery
 c - an uncursed ring of protection from cold
 g - an uncursed ring of resist corrosion
 A - a cursed -2 ring of intelligence (left hand)
 C - an uncursed amulet of the gourmand {unknown}
 F - an amulet of faith (around neck)
 U - a +3 ring of dexterity (right hand)
Wands
 D - a wand of digging (17)
 I - a wand of iceblast (17)
Scrolls
 M - a scroll of magic mapping
 O - a scroll of acquirement {unknown}
 R - 8 scrolls of identify
 T - 7 scrolls of teleportation
 W - 7 scrolls of remove curse
 X - a scroll of enchant armour
Potions
 d - 4 potions of might
 s - a potion of berserk rage
 w - a potion of lignification {unknown}
 z - a potion of agility {unknown}
 B - a potion of resistance
 E - a potion of magic {unknown}
 G - a potion of haste
 H - 3 potions of heal wounds
 N - 3 potions of cancellation
 P - 3 potions of degeneration
 Q - 3 potions of curing
 S - a potion of flight
 V - 2 potions of ambrosia
 Y - a potion of invisibility {unknown}
Comestibles
 f - 35 rations


   Skills:
 + Level 9.5 Fighting
 + Level 10.9 Axes
 + Level 11.2 Armour
 + Level 11.2 Shields
 + Level 10.9 Invocations


You had 11 spell levels left.
You didn't know any spells.
Your spell library contained the following spells:

 Spells                   Type           Power        Failure   Level  Hunger
 Magic Dart               Conj           #...         100%        1    ##.....
 Conjure Flame            Conj/Fire      #.......     100%        3    ####...
 Bolt of Magma            Conj/Fire/Erth #.........   100%        5    ######.
 Slow                     Hex            #.......     100%        2    ###....
 Confuse                  Hex            #.......     100%        3    ####...
 Mephitic Cloud           Conj/Pois/Air  #.......     100%        3    ####...
 Venom Bolt               Conj/Pois      #.........   100%        5    ######.
 Blink                    Tloc           N/A          100%        2    ###....
 Iskenderun's Mystic Bla  Conj           #.......     100%        4    #####..
 Call Imp                 Summ           #.......     100%        2    ###....
 Tukima's Dance           Hex            #.......     100%        3    ####...
 Iron Shot                Conj/Erth      #.........   100%        6    #######
 Stone Arrow              Conj/Erth      #.....       100%        3    ####...
 Passwall                 Tmut/Erth      #.......     100%        2    ###....
 Ensorcelled Hibernation  Hex/Ice        #.....       100%        2    ###....
 Corona                   Hex            #......      100%        1    ##.....
 Lee's Rapid Deconstruct  Erth           #.........   100%        5    ######.
 Sandblast                Erth           #.....       100%        1    ##.....
 Petrify                  Tmut/Erth      #.......     100%        4    #####..
 Orb of Destruction       Conj           #.........   100%        7    #######
 Iskenderun's Battlesphe  Conj/Chrm      #.......     100%        5    ######.
 Fulminant Prism          Conj/Hex       #.........   100%        4    #####..
 Dazzling Spray           Conj/Hex       #.....       100%        3    ####...
 Force Lance              Conj/Tloc      #.......     100%        4    #####..
 Searing Ray              Conj           #.....       100%        2    ###....
 Spellforged Servitor     Conj/Summ      #.........   100%        7    #######


Dungeon Overview and Level Annotations

Branches:
Dungeon (11/15)            Temple (1/1) D:6            Lair (3/6) D:8
 Shoals (0/4) Lair:2          Orc (0/2) D:11
  Snake: Lair:2-4    Spider: Lair:2-4

Altars:
Elyvilon
Fedhas
Gozag
Makhleb
Nemelex Xobeh
Qazlal
Ru
Trog
Vehumet
Wu Jian
Xom
Zin
The Shining One

Shops:
D:11 (


Innate Abilities, Weirdness & Mutations

You are resistant to damage.
You can heal yourself by infusing magical energy.
You passively map the area around you.
You do not regenerate.
You have very sharp teeth.
You are robust. (+10% HP)


Message History

The molten gargoyle is severely damaged!
Your shield and plate armour prevent you from hitting the molten gargoyle!
The molten gargoyle hits you but does butt damage!
Unknown command!
You carve the molten gargoyle but do no damage!
The molten gargoyle is severely damaged!
Your plate armour prevents you from hitting the molten gargoyle!
The molten gargoyle blasts butt at you!!!
The bolt of magma hits you!!! * * * don't die
* * * All of the chunks of flesh in your inventory have rotted away!
You are too injured to fight recklessly!!!
You open the molten gargoyle but do no damage!
You bite the molten gargoyle!
The molten gargoyle is severely damaged!
You open the molten gargoyle but do no damage!
You block the molten gargoyle's attack!
The molten gargoyle blasts magma at you!!!
The bolt of magma hits you!!! rip

.P...............#+...#.....#.##.
.........#####...................
.+...######≈≈##..................
#...##§§§≈§≈§≈##.........>.......
...##≈ ≈≈§§§≈≈##......######....
...#§≈ ≈ ##≈≈≈§≈##....##§§≈ ###..
...#≈≈≈ ##§≈...≈≈#..###≈≈≈ ≈ ###
..##§≈###........####≈≈≈§. ,
.##§§≈##..####≈§@9##≈§≈...
.#≈≈≈≈..### ##≈≈9≈≈≈≈...#*
.#≈§≈..## ##≈..≈≈...# ≈ .#§≈≈..#
,*#§≈.....≈# ≈ .#≈≈§..#
##≈≈..§≈≈≈≈* .#§≈..## ,
,####≈≈###≈ ** .#≈≈..#* , , *###
.###..#* , , ,, , , , ,,
..##..##... * ,*


You could see 2 molten gargoyles.

Vanquished Creatures
  A tengu warrior (D:11)
  3 two-headed ogres
  An unseen horror (D:11)
  2 manticores
  A cyclops (D:11)
  6 spiny frogs
  A black mamba (Lair:2)
  A gargoyle (D:10)
  2 centaur skeletons
  2 komodo dragons
  A troll (D:9)
  5 blink frogs (Lair:3)
  3 hippogriffs
  A shadow (D:11)
  A wyvern (Lair:2)
  14 yaks
  Grum (D:10)
  A hungry ghost (D:11)
  2 basilisks (Lair:1)
  Edmund (D:4)
  A soldier ant (D:11)
  3 porcupines
  8 water moccasins
  6 orc warriors
  A sky beast (D:9)
  A phantom (D:4)
  2 black bears
  4 necrophages
  4 centaurs
  8 ogres
  9 wolves
  5 crocodiles
  2 big kobolds
  14 bullfrogs
  6 scorpions
  A wight (D:11)
  14 killer bees
  4 howler monkeys
  An electric eel (Lair:3)
  4 lava snakes (Lair:3)
  2 centaur zombies
  8 crimson imps
  A quasit (D:6)
  A gnoll shaman (D:10)
  3 jellies
  11 orc priests
  5 hounds
  13 orc wizards
  3 bullfrog skeletons
  Jessica (D:2)
  6 worker ants
  3 iguanas
  A hound zombie (D:5)
  A hound skeleton (D:4)
  Robin (D:4)
  13 gnolls
  A howler monkey skeleton (D:5)
  10 adders
  2 shadow imps
  2 oozes
  An adder skeleton (D:7)
  An adder zombie (D:5)
  3 worms
  3 dart slugs
  4 leopard geckos
  41 orcs
  3 ball pythons
  3 giant cockroaches
  19 goblins
  10 hobgoblins
  18 jackals
  16 kobolds
  5 quokkas
  6 bats
  3 frilled lizards
  7 rats
379 creatures vanquished.

Vanquished Creatures (collateral kills)
  A hydra (Lair:1)
  2 ugly things (D:11)
  A yak (D:11)
  A big kobold (D:11)
  A worker ant (D:11)
  A hound skeleton (D:11)
  2 orcs (D:11)
9 creatures vanquished.

Vanquished Creatures (others)
  A fungus (Lair:2)
1 creature vanquished.

Grand Total: 389 creatures vanquished

Notes
Turn   | Place    | Note
-------+----------+-------------------------------------------
     0 | D:1      | Gorglomux the Deep Dwarf Fighter began the quest for the Orb.
     0 | D:1      | Reached XP level 1. HP: 20/20 MP: 1/1
   155 | D:1      | Reached XP level 2. HP: 27/27 MP: 2/2
   642 | D:2      | Reached skill level 3 in Fighting
   642 | D:2      | Reached XP level 3. HP: 15/34 MP: 3/3
   655 | D:2      | Reached skill level 3 in Axes
   692 | D:2      | Reached XP level 4. HP: 18/42 MP: 4/4
   862 | D:2      | HP: 1/42 [gnoll/spear (5)]
   864 | D:2      | Gained mutation: You are clumsy. (Dex -2) [potion of mutation]
   864 | D:2      | Gained mutation: Scrolls take you a little longer to read. [potion of mutation]
   864 | D:2      | Gained mutation: You possess an exceptional clarity of mind. [potion of mutation]
   879 | D:2      | Reached XP level 5. HP: 42/49 MP: 3/3
   925 | D:2      | Lost mutation: You possess an exceptional clarity of mind. [potion of mutation]
   925 | D:2      | Lost mutation: Scrolls take you a little longer to read. [potion of mutation]
   925 | D:2      | Lost mutation: You are clumsy. (Dex -2) [potion of mutation]
   925 | D:2      | Gained mutation: You are robust. (+10% HP) [potion of mutation]
   925 | D:2      | Gained mutation: You have very sharp teeth. [potion of mutation]
  1031 | D:2      | Noticed Jessica
  1049 | D:2      | Killed Jessica
  1438 | D:3      | Found a shimmering altar of Xom.
  1438 | D:3      | Found a shimmering altar of Xom.
  1440 | D:3      | Found a shimmering altar of Xom.
  1450 | D:3      | Found a shimmering altar of Xom.
  1450 | D:3      | Found a shimmering altar of Xom.
  1756 | D:4      | Found a stormy altar of Qazlal.
  1842 | D:4      | Noticed Edmund
  1880 | D:4      | Killed Edmund
  1880 | D:4      | Reached XP level 6. HP: 39/62 MP: 4/4
  2128 | D:4      | Reached XP level 7. HP: 34/70 MP: 5/5
  2608 | D:4      | Noticed Robin
  2623 | D:4      | Killed Robin
  2852 | D:5      | Entered Level 5 of the Dungeon
  3392 | D:5      | Reached skill level 6 in Armour
  3425 | D:5      | Reached skill level 6 in Shields
  3425 | D:5      | Reached XP level 8. HP: 40/81 MP: 4/4
  3831 | D:6      | Reached skill level 6 in Axes
  3864 | D:6      | Found a staircase to the Ecumenical Temple.
  3942 | Temple   | Entered the Ecumenical Temple
  3976 | Temple   | Became a worshipper of Makhleb the Destroyer
  4161 | D:6      | Reached skill level 1 in Invocations
  4528 | D:7      | Gained mutation: You passively map the area around you. [Deep Dwarf growth]
  4528 | D:7      | Reached XP level 9. HP: 60/90 MP: 6/6
  4609 | D:7      | Reached skill level 3 in Invocations
  4695 | D:7      | Reached skill level 6 in Fighting
  4845 | D:7      | Reached * piety under Makhleb
  5149 | D:8      | Found a staircase to the Lair.
  5181 | D:8      | Found a glowing golden altar of the Shining One.
  5362 | D:8      | Found a blossoming altar of Fedhas.
  5854 | D:8      | Reached ** piety under Makhleb
  5981 | D:9      | Noticed a two-headed ogre
  5996 | D:9      | Killed a two-headed ogre
  5996 | D:9      | Reached XP level 10. HP: 35/101 MP: 7/7
  6090 | D:9      | Reached skill level 6 in Invocations
  6317 | D:9      | Reached *** piety under Makhleb
  6927 | D:10     | Entered Level 10 of the Dungeon
  6937 | D:10     | Reached skill level 9 in Armour
  6938 | D:10     | Reached skill level 9 in Shields
  7018 | D:10     | Noticed a gargoyle
  7048 | D:10     | Killed a gargoyle
  7122 | D:10     | Reached **** piety under Makhleb
  7248 | D:10     | Reached XP level 11. HP: 46/113 MP: 6/6
  7253 | D:10     | Reached skill level 9 in Axes
  7362 | D:10     | Noticed a two-headed ogre
  7375 | D:10     | Killed a two-headed ogre
  7421 | D:10     | Noticed Grum
  7442 | D:10     | Killed Grum
  8071 | D:11     | Found a staircase to the Orcish Mines.
  8071 | D:11     | Noticed a red ugly thing
  8102 | D:11     | Killed a green ugly thing
  8304 | D:11     | Noticed a cyan ugly thing
  8316 | D:11     | Killed a cyan ugly thing
  8355 | D:11     | Killed an unseen horror
  8355 | D:11     | Reached skill level 9 in Invocations
  8363 | D:11     | Found Leown's Antique Weapon Emporium.
  8463 | D:11     | Noticed a tengu warrior
  8506 | D:11     | Killed a tengu warrior
  8726 | D:11     | Noticed a two-headed ogre
  8739 | D:11     | Killed a two-headed ogre
  8864 | Lair:1   | Entered Level 1 of the Lair of Beasts
  9045 | Lair:1   | Noticed a six-headed hydra
  9054 | Lair:1   | Killed a six-headed hydra
  9054 | Lair:1   | Reached XP level 12. HP: 61/123 MP: 6/6
  9151 | Lair:1   | Reached ***** piety under Makhleb
  9162 | Lair:1   | Reached skill level 9 in Fighting
  9642 | Lair:2   | Found a staircase to the Shoals.
  9757 | Lair:2   | Found a white marble altar of Elyvilon.
 10662 | Lair:3   | Killed from afar by a molten gargoyle

Skill      XL: |  1  2  3  4  5  6  7  8  9 10 11 12 |
---------------+-------------------------------------+-----
Fighting       | 3 4 5 6 7 8 9 |  9.5
Axes           | 3 4 5 6 7 8 10 | 10.9
Armour         | 4 5 6 7 8 9 10 11 | 11.2
Shields        | 4 5 6 7 8 9 10 11 | 11.2
Invocations    | 2 5 7 9 10 | 10.9

Action                   |  1- 3 |  4- 6 |  7- 9 | 10-12 || total
-------------------------+-------+-------+-------+-------++-------
Melee: War axe           |    84 |   183 |   551 |   938 ||  1756
       Bite              |       |    18 |    89 |   148 ||   255
Throw: Throwing net      |       |       |     1 |     3 ||     4
Invok: Minor Destruction |       |       |     2 |    12 ||    14
       Lesser Servant of |       |       |       |     7 ||     7
 Abil: Heal Wounds       |     1 |     6 |    26 |    29 ||    62
  Use: Potion            |       |     4 |     2 |       ||     6
       Scroll            |       |       |    10 |    10 ||    20
 Stab: Held in net/web   |       |       |       |     2 ||     2
  Eat: Chunk             |       |     4 |    14 |    18 ||    36
       Ration            |       |       |       |     4 ||     4
Armor: Scale mail        |     3 |       |       |       ||     3
       Chain mail        |    42 |   109 |   260 |   178 ||   589
       Plate armour      |       |       |       |   261 ||   261
Dodge: Dodged            |    27 |    51 |   133 |   200 ||   411
Block: Shield            |    57 |   122 |   358 |   492 ||  1029
       Large shield      |       |       |       |   193 ||   193
